 Dungeon Crawl Stone Soup version 0.18-a0-1764-gf4ddf0b (webtiles) character file.

20 Ratboiler the Ducker (level 2, -1/18 HPs)
             Began as an Octopode Wanderer on Apr 13, 2016.
             Slain by a goblin (4 damage)
             ... on level 2 of the Dungeon.
             The game lasted 00:01:45 (1180 turns).

Ratboiler the Ducker (Octopode Wanderer)            Turns: 1180, Time: 00:01:46

Health: -1/18      AC:  1    Str: 11    XL:     2   Next: 79%
Magic:  2/2        EV: 13    Int: 12    God:
Gold:   52         SH:  4    Dex: 13    Spells: 0 memorised, 1 level left

rFire  . . .     SeeInvis .     d - +0 dagger
rCold  . . .     Gourm    .     c - +0 buckler
rNeg   . . .     Faith    .     (helmet restricted)
rPois  .         Spirit   .     (no amulet)
rElec  .         Dismiss  .     (no ring)
rCorr  .         Reflect  .     (no ring)
SustAt .         Harm     .     (no ring)
MR     .....                    (no ring)
Stlth  +++.......               (no ring)
                                (no ring)
                                (no ring)
                                (no ring)

@: not resistant to hostile enchantments, fairly stealthy
A: almost no armour, amphibious, 8 rings, constrict 8, camouflage 1, gelatinous
body 1
a: no special abilities


You were on level 2 of the Dungeon.
You were not hungry.

You visited 1 branch of the dungeon, and saw 2 of its levels.

You collected 52 gold pieces.

Inventory:

Hand Weapons
 d - a +0 dagger (weapon)
 m - a +0 mace
Missiles
 a - 3 throwing nets (quivered)
 i - 15 poisoned needles
Armour
 c - a +0 buckler (worn)
Scrolls
 g - 2 scrolls of identify {unknown}
 h - 2 scrolls of teleportation {unknown}
 j - a scroll of magic mapping {unknown}
 k - a scroll of recharging {unknown}
 l - a scroll of enchant weapon {unknown}
Potions
 b - a potion of lignification
 e - a potion of degeneration {unknown}
 n - 2 potions of heal wounds {unknown}
Comestibles
 f - a bread ration


   Skills:
 - Level 1.0 Fighting
 - Level 2.0(2.1) Short Blades
   Level 1.0(1.6) Long Blades
 - Level 1.0 Throwing
 - Level 3.0 Dodging
 - Level 1.3 Stealth
 + Level 2.6 Shields


You had one spell level left.
You didn't know any spells.

Dungeon Overview and Level Annotations

Branches:
Dungeon (2/15)

Altars:
Elyvilon

Annotations:
D:2 Natasha


Innate Abilities, Weirdness & Mutations

You cannot wear most types of armour.
You are amphibious.
You can wear up to eight rings at the same time.
You can use your tentacles to constrict eight enemies at once.
Your skin changes colour to match your surroundings (Stealth).
Your rubbery body absorbs attacks (AC +1).


Message History

Natasha claws you.
Found a dagger.
You are too injured to fight recklessly!
You barely miss Natasha. You grab Natasha. You constrict Natasha.
Natasha closely misses you.
A bat comes into view.
You hit Natasha.
Natasha is lightly wounded.
You constrict Natasha, but do no damage.
A rat comes into view.
You hit Natasha but do no damage. You squeeze Natasha.
Natasha is moderately wounded.
You constrict Natasha. Natasha completely misses you. The goblin hits you.
You hit Natasha but do no damage. You squeeze Natasha!
Natasha is almost dead.
You constrict Natasha, but do no damage.
You block the bat's attack. Natasha claws you!
* * * LOW HITPOINT WARNING * * *
The goblin hits you.
You die...

##...#.[.# ..#
.######### #.# .#
...#########.# .♣♣♣♣♣
.............####......
..).########......♣
..#...### ##.)##.#
.<###...# ##.##.# ..#
###.# #....# .## #.♣
###@.# ## ##♣
♣....gh....... #
♣#......b..PPP
#........PP♣P
#....g....P♣
#...)....♣..
#....r.....PP
...........P.


You could see Natasha, a hobgoblin, a goblin, a bat and a rat.

Vanquished Creatures
  A giant cockroach (D:1)
  6 goblins
  3 hobgoblins (D:1)
  3 bats (D:1)
  A giant newt (D:1)
  3 kobolds
  2 rats (D:1)
19 creatures vanquished.

Notes
Turn   | Place    | Note
--------------------------------------------------------------
     0 | D:1      | Ratboiler the Octopode Wanderer began the quest for the Orb.
     0 | D:1      | Ratboiler set off with: 3 throwing nets, a potion of lignification, a +0 buckler, a +0 dagger, a bread ration
     0 | D:1      | Reached XP level 1. HP: 13/13 MP: 1/1
   292 | D:1      | Reached XP level 2. HP: 9/18 MP: 2/2
  1085 | D:2      | Found a white marble altar of Elyvilon.
  1160 | D:2      | Noticed Natasha
  1180 | D:2      | Slain by a goblin

Vault maps used:
D:1:      minmay_arrival_four_loops
D:2:      marbit_many_paths, first_bread, serial_forest,
          infiniplex_forest_straight_2, infiniplex_forest_straight_2,
          infiniplex_forest_lined_1, infiniplex_forest_straight_2,
          infiniplex_forest_clump_medium, infiniplex_forest_straight_2,
          uniq_natasha

Skill      XL: |  1 |
---------------+----+-----
Shields        | 2 |  2.6
Fighting       | |  1.0
Short Blades   | |  2.0
Long Blades    | |  1.0
Throwing       | |  1.0
Dodging        | |  3.0
Stealth        | |  1.3

Action                   || total
-------------------------++-------
Melee: Dagger            ||    48
       Constrict         ||    13
       Tentacles         ||     8
 Stab: Sleeping          ||     5
  Eat: Chunk             ||     1
Armor: Skin              ||     3
Dodge: Dodged            ||    29
Block: Buckler           ||     5
